 Dungeon Sprint DCSS version 0.30.1-11-g7821555f0a (webtiles) character file.

Game seed: 16872089380115984383

40621 Groucho the Warrior (level 14, -14/144 (147) HPs)
             Began as a Naga Fighter on Nov 20, 2023.
             Was a Priest of Cheibriados.
             Killed from afar by an ancient lich (41 damage)
             ... with a bolt of acid
             ... in the Dungeon (Sprint VII: "The Pits").
             The game lasted 00:13:27 (8096 turns).

Groucho the Warrior (Naga Fighter)                  Turns: 8096, Time: 00:13:28

HP:   -14/144 (147) AC: 26    Str: 29    XL:     14   Next: 11%
MP:   25/29         EV: 14    Int: 23    God:    Cheibriados [***...]
Gold: 34            SH: 21    Dex: 21    Spells: 36/36 levels left

rFire   . . .        t - +2 war axe (freeze)
rCold   . . .        h - +1 tower shield
rNeg    . . .        D - +7 chain mail of Vewn {rCorr Slay+2}
rPois   +            w - +0 helmet
rElec   .            u - +0 cloak
rCorr   +            E - +1 pair of gloves
SInv    +            (no barding)
Will    +....        (no amulet) Stlth
                     p - +3 ring of dexterity
HPRegen 0.44/turn    q - +3 ring of strength
MPRegen 0.21/turn

%: no teleportation
@: lightly drained, very slow
A: AC +4, large, see invisible, deformed body, poison resistance, slowness 2,
spit poison 1, naga tail 2
a: Spit Poison, Renounce Religion, Bend Time, Temporal Distortion


You were in the Dungeon.
You worshipped Cheibriados.
Cheibriados was most pleased with you.
You visited 1 branch You collected 34 gold pieces.

Inventory:

Hand Weapons
 a - a +5 broad axe
 b - a +3 battleaxe of freezing
 k - a +1 flail of protection
 t - a +2 war axe of freezing (weapon)
Armour
 h - a +1 tower shield (worn)
 o - the +1 pearl dragon scales of Dim Light {*Slow rN+ Str+4}
   (You found it in the Dungeon)

   Str:       It affects your strength (+4).
   rN:        It protects you from negative energy.
   *Slow:     It may slow you when you take damage.
 u - a +0 cloak (worn)
 w - a +0 helmet (worn)
 D - the +7 chain mail of Vewn (worn) {rCorr Slay+2}
   (You found it in the Dungeon)

   Slay:      It affects your accuracy & damage with ranged weapons and melee
   (+2).
   rCorr:     It protects you from acid and corrosion.
 E - a +1 pair of gloves (worn)
Jewellery
 p - a +3 ring of dexterity (left hand)
 q - a +3 ring of strength (right hand)
 A - an amulet of faith
 B - a ring of protection from cold
Scrolls
 j - a scroll of blinking
 m - 5 scrolls of amnesia
 n - a scroll of summoning
 v - 2 scrolls of enchant armour
 x - 6 scrolls of fog
 y - 3 scrolls of fear
 z - a scroll of identify
 C - a scroll of enchant weapon
Potions
 d - a potion of might
 e - 12 potions of curing
 f - 6 potions of heal wounds
 g - 2 potions of haste
 i - 3 potions of berserk rage
 r - a potion of resistance
 s - 3 potions of brilliance


   Skills:
 + Level 15.4 Fighting
 + Level 15.3 Axes
 + Level 13.2 Armour
 + Level 12.9 Dodging
 + Level 14.3 Shields
 + Level 11.9 Spellcasting
 + Level 4.8 Conjurations
 + Level 4.8 Translocations
 - Level 14.0 Invocations


You had 36 spell levels left.
You didn't know any spells.
Your spell library was empty.

Dungeon Overview and Level Annotations

Branches:
Dungeon (1/1)

Altars:
Ashenzari
Cheibriados
Dithmenos
Elyvilon
Fedhas
Gozag
Hepliaklqana
Kikubaaqudgha
Makhleb
Nemelex Xobeh
Okawaru
Qazlal
Ru
Sif Muna
Trog
Uskayaw
Vehumet
Wu Jian
Xom
Yredelemnul
Zin
The Shining One
Jiyva
Lugonu


Innate Abilities, Weirdness & Mutations

Your serpentine skin is tough. (AC +4)
You have supernaturally acute eyesight. (SInv)
Armour fits poorly on your strangely shaped body.
Your system is resistant to poisons. (rPois)
You cover ground very slowly.
You can spit poison.
You can use your snake-like lower body to constrict enemies.


Message History

You slash the ancient lich!
The ancient lich is moderately damaged.
You constrict the ancient lich, but do no damage.
The ancient lich casts a spell.
The ancient lich seems to speed up.
You slice the ancient lich!! You freeze the ancient lich.
The ancient lich is heavily damaged.
You constrict the ancient lich.
The ancient lich gestures wildly while chanting.
The ancient lich flickers and vanishes for a moment.
You hit the ancient lich.
The ancient lich is heavily damaged.
You constrict the ancient lich.
The ancient lich touches you but does no damage.
You slash the ancient lich!
The ancient lich is severely damaged.
You constrict the ancient lich. You block the ancient lich's attack.
The ancient lich misses you.
You slash the ancient lich!
The ancient lich is severely damaged.
You constrict the ancient lich, but do no damage.
The ancient lich barely misses you.
You hit the ancient lich but do no damage.
The ancient lich is severely damaged.
You constrict the ancient lich. The ancient lich touches you.
You feel drained.
You hit the ancient lich.
The ancient lich is severely damaged.
You constrict the ancient lich!
The ancient lich gestures at you while chanting.
The crystal spear hits you!!!!
Ouch! That really hurt!
The ancient lich casts a spell at you. The crystal spear hits you!!!
* * * LOW HITPOINT WARNING * * *
Unknown command.
Unknown command.
You feel much better.
You constrict the ancient lich.
The ancient lich points at you and mumbles some strange words.
The bolt of acid hits you!!! You resist.
You die...

)).......)........#
''##############).#
.....#[.'...'[[#..#
.....#[[#...#[[#).#
..#######)..####..#
.....#.........#).#
.....).))....[.#..#
....)#)........#).#
..####.##'###'##@.#
### #.#[[#.[[.#L.#
+.#[.#[[.[#..#
###########''# #)'#
#...# #...## #.))##
.e..#


You could see an ancient lich (fast, invisible).

Vanquished Creatures
  A curse toe (D)
  A sphinx (D)
  Frances (D)
  A nagaraja (D)
  A fire giant (D)
  An emperor scorpion (D)
  2 deep elf sorcerers (D)
  A ghost moth (D)
  2 orc warlords (D)
  A deep elf demonologist (D)
  Josephine (D)
  An ettin (D)
  A yaktaur captain (D)
  2 deep elf high priests (D)
  A hydra (D)
  2 vault guards (D)
  An ogre mage (D)
  A death knight (D)
  2 naga warriors (D)
  An orc high priest (D)
  4 deep elf knights (D)
  2 flayed ghosts (D)
  2 deep elf zephyrmancers (D)
  3 wizards (D)
  10 orc knights (D)
  A lindwurm (D)
  A wolf spider (D)
  An eye of devastation (D)
  An elephant (D)
  A naga mage (D)
  A black mamba (D)
  A smoke demon (D)
  2 gargoyles (D)
  A rime drake (D)
  2 freezing wraiths (D)
  2 kobold demonologists (D)
  2 ice devils (D)
  A troll (D)
  A tarantella (D)
  A snapping turtle (D)
  6 dream sheep (D)
  A water elemental (D)
  An air elemental (D)
  5 wraiths (D)
  3 shadows (D)
  3 basilisks (D)
  A neqoxec (D)
  A warg (D)
  An acid dragon (D)
  A small abomination (D)
  4 orc warriors (D)
  A sky beast (D)
  2 swamp drakes (D)
  An ice beast (D)
  2 black bears (D)
  An ogre (D)
  4 wolves (D)
  3 bullfrogs (D)
  A gnoll sergeant (D)
  2 kobold brigands (D)
  2 scorpions (D)
  6 killer bees (D)
  A crimson imp (D)
  3 jellies (D)
  6 orc priests (D)
  An iron imp (D)
  3 orc wizards (D)
  An adder (D)
  4 gnolls (D)
  A river rat (D)
  An adder skeleton (D)
  8 orcs (D)
  An endoplasm (D)
  A goblin (D)
  A hobgoblin (D)
  A kobold (D)
  3 quokkas (D)
  A bat (D)
  A frilled lizard (D)
155 creatures vanquished.

Notes
Turn   | Place    | Note
-------+----------+-------------------------------------------
     0 | D        | Groucho the Naga Fighter began the quest for the Orb.
     0 | D        | Reached XP level 1. HP: 21/21 MP: 1/1
    37 | D        | Found a bloodstained altar of Trog.
    37 | D        | Found a shimmering blue altar of Sif Muna.
    37 | D        | Found a viscous altar of Jiyva.
    37 | D        | Found a hazy altar of Hepliaklqana.
    37 | D        | Found an opulent altar of Gozag.
    38 | D        | Found a glowing golden altar of the Shining One.
    38 | D        | Found a glowing silver altar of Zin.
    38 | D        | Found a basalt altar of Yredelemnul.
    38 | D        | Found a shimmering altar of Xom.
    38 | D        | Found an ornate altar of the Wu Jian Council.
    38 | D        | Found a sacrificial altar of Ru.
    38 | D        | Found a stormy altar of Qazlal.
    38 | D        | Found an iron altar of Okawaru.
    38 | D        | Found a sparkling altar of Nemelex Xobeh.
    38 | D        | Found a burning altar of Makhleb.
    38 | D        | Found a blossoming altar of Fedhas.
    38 | D        | Found a white marble altar of Elyvilon.
    38 | D        | Found a shadowy altar of Dithmenos.
    38 | D        | Found a snail-covered altar of Cheibriados.
    40 | D        | Found a corrupted altar of Lugonu.
    40 | D        | Found a radiant altar of Vehumet.
    41 | D        | Found an ancient bone altar of Kikubaaqudgha.
    41 | D        | Found a hide-covered altar of Uskayaw.
    41 | D        | Found a broken altar of Ashenzari.
    48 | D        | Became a worshipper of Cheibriados the Contemplative
    60 | D        | Noticed a scorpion
    62 | D        | Killed a scorpion
    63 | D        | Reached XP level 2. HP: 25/30 MP: 1/5
    63 | D        | Reached XP level 3. HP: 30/36 MP: 1/6
    63 | D        | Reached XP level 4. HP: 37/44 MP: 1/7
    68 | D        | Reached * piety under Cheibriados
   318 | D        | Reached ** piety under Cheibriados
   321 | D        | Noticed a warg
   321 | D        | Noticed a scorpion
   327 | D        | Killed a warg
   328 | D        | Reached skill level 5 in Fighting
   328 | D        | Reached XP level 5. HP: 25/52 MP: 7/9
   328 | D        | Reached *** piety under Cheibriados
   331 | D        | Reached **** piety under Cheibriados
   332 | D        | Reached skill level 5 in Axes
   332 | D        | Reached skill level 5 in Shields
   332 | D        | Reached XP level 6. HP: 31/61 MP: 7/11
  1273 | D        | Reached ***** piety under Cheibriados
  1274 | D        | Reached skill level 5 in Armour
  1287 | D        | Reached XP level 7. HP: 23/69 MP: 4/13
  1378 | D        | Noticed a smoke demon
  1384 | D        | Killed a smoke demon
  1384 | D        | Reached ****** piety under Cheibriados
  1385 | D        | Reached skill level 5 in Dodging
  1385 | D        | Reached XP level 8. HP: 34/80 MP: 13/15
  1630 | D        | Reached skill level 10 in Invocations
  1650 | D        | Noticed a shadow
  1651 | D        | Killed a shadow
  2080 | D        | Noticed Josephine
  2080 | D        | Noticed a wraith
  2080 | D        | Noticed a wraith
  2080 | D        | Noticed a wraith
  2081 | D        | Noticed a wraith
  2082 | D        | Killed a wraith
  2082 | D        | Killed a wraith
  2082 | D        | Killed a wraith
  2083 | D        | Reached XP level 9. HP: 88/88 MP: 6/17
  2083 | D        | Killed Josephine
  2534 | D        | Noticed a five-headed hydra
  2537 | D        | Reached skill level 1 in Spellcasting
  2538 | D        | Killed a five-headed hydra
  2539 | D        | Reached XP level 10. HP: 93/99 MP: 3/19
  2837 | D        | Noticed an elephant
  2845 | D        | Killed an elephant
  2852 | D        | Noticed a gargoyle
  2866 | D        | Killed a gargoyle
  3514 | D        | Noticed a deep elf zephyrmancer
  3515 | D        | Killed a deep elf zephyrmancer
  3515 | D        | Noticed a wolf spider
  3516 | D        | Reached skill level 10 in Fighting
  3519 | D        | Noticed a death knight
  3527 | D        | Reached skill level 10 in Axes
  3530 | D        | Killed a death knight
  3869 | D        | Killed a wolf spider
  3870 | D        | Reached skill level 5 in Spellcasting
  3870 | D        | Reached XP level 11. HP: 52/110 MP: 21/21
  4246 | D        | Noticed a lindwurm
  4248 | D        | Reached skill level 10 in Shields
  4248 | D        | Killed a lindwurm
  4306 | D        | Noticed an orc high priest
  4309 | D        | Noticed a sun demon
  4309 | D        | Killed an orc high priest
  4312 | D        | Reached skill level 10 in Armour
  4426 | D        | Got the +7 chain mail of Vewn {rCorr Slay+2}
  4493 | D        | Noticed a soul eater
  4731 | D        | Noticed an emperor scorpion
  4731 | D        | Noticed a flayed ghost
  4734 | D        | Killed a flayed ghost
  4735 | D        | Reached skill level 10 in Dodging
  4735 | D        | Reached XP level 12. HP: 121/122 MP: 7/23
  4735 | D        | Killed an emperor scorpion
  5889 | D        | Noticed a ghost moth
  5889 | D        | Noticed an orc warlord
  5890 | D        | Noticed an orc warlord
  5894 | D        | Killed a ghost moth
  5904 | D        | Killed an orc warlord
  5904 | D        | Killed an orc warlord
  5919 | D        | Noticed a deep elf knight
  5920 | D        | Noticed a vault guard
  5921 | D        | Noticed a deep elf sorcerer
  5922 | D        | Killed a deep elf knight
  5923 | D        | Gained mutation: You can use your snake-like lower body to
                  | constrict enemies. [Naga growth]
  5923 | D        | Reached XP level 13. HP: 64/134 MP: 2/26
  5923 | D        | Noticed a vault guard
  5924 | D        | Killed a vault guard
  5924 | D        | Killed a deep elf sorcerer
  5925 | D        | Reached skill level 10 in Spellcasting
  5926 | D        | Killed a vault guard
  6339 | D        | Noticed Frances
  6339 | D        | Noticed a yaktaur captain
  6344 | D        | Killed Frances
  6344 | D        | Killed a yaktaur captain
  6345 | D        | Noticed a deep elf sorcerer
  6352 | D        | Killed a deep elf sorcerer
  7002 | D        | Got the +1 pearl dragon scales of Dim Light {*Slow rN+
                  | Str+4}
  7208 | D        | Noticed a curse toe
  7223 | D        | Killed a curse toe
  7224 | D        | Reached skill level 1 in Conjurations
  7224 | D        | Reached skill level 1 in Translocations
  7661 | D        | Noticed an ettin
  7666 | D        | Killed an ettin
  7667 | D        | Noticed a nagaraja
  7667 | D        | Noticed a sphinx
  7669 | D        | Noticed a deep elf high priest
  7671 | D        | Killed a nagaraja
  7671 | D        | Killed a sphinx
  7672 | D        | Reached skill level 15 in Fighting
  7672 | D        | Reached skill level 15 in Axes
  7674 | D        | Killed a deep elf high priest
  7926 | D        | Reached XP level 14. HP: 112/147 MP: 29/29
  8008 | D        | Noticed a deep elf demonologist
  8015 | D        | Killed a deep elf demonologist
  8066 | D        | Noticed a fire giant
  8079 | D        | Killed a fire giant
  8080 | D        | Noticed an ancient lich
  8095 | D        | HP: 6/144 [ancient lich/crystal spear (45)]
  8096 | D        | Killed from afar by an ancient lich

Illustrated notes

Levels and vault maps discovered:
D:        pitsprint [storerooms_1, entrance_room_1, metal_vault_6, armoury_2,
          mini_pit_1, grid_room_1, main_hall_1, silver_pit, the_coven_1,
          the_vestibule_1, steel_vault_4, golden_pit, hallway_of_sentries,
          crystal_vault_4, iron_vault_4, final_vault]

Skill      XL: |  1  2  3  4  5  6  7  8  9 10 11 12 13 |
---------------+----------------------------------------+-----
Fighting       | 4 5 6 7 8 9 10 12 13 15 | 15.4
Axes           | 3 4 5 6 8 9 10 11 13 15 | 15.3
Armour         | 3 4 5 6 7 8 10 11 13 | 13.2
Dodging        | 2 3 4 5 6 7 8 10 11 12 | 12.9
Shields        | 3 4 5 6 7 8 9 11 12 14 | 14.3
Invocations    | 4 6 8 9 11 13 14 | 14.0
Spellcasting   | 2 5 7 9 11 | 11.9
Conjurations   | 4 |  4.8
Translocations | 4 |  4.8

Action                     |  1- 3 |  4- 6 |  7- 9 | 10-12 | 13-15 || total
---------------------------+-------+-------+-------+-------+-------++-------
  Melee: Hand axe          |     2 |    21 |    27 |    57 |       ||   107
         War axe           |     2 |       |       |    22 |    61 ||    85
         Constrict         |       |       |       |       |     8 ||     8
 Invoke: Slouch            |       |     2 |     9 |    38 |    25 ||    74
    Use: Potion            |       |     1 |     3 |     8 |     4 ||    16
   Stab: Invisible         |       |       |     2 |       |       ||     2
 Armour: Scale mail        |     1 |     9 |       |       |       ||    10
         Plate armour      |       |     1 |     7 |       |       ||     8
         Chain mail        |       |       |    13 |    39 |    15 ||    67
  Dodge: Dodged            |     2 |     9 |    19 |    56 |    32 ||   118
  Block: Buckler           |       |     5 |    11 |    46 |     2 ||    64
         Tower shield      |       |       |       |       |    32 ||    32
